 Dungeon Sprint DCSS version 0.31-a0-1576-ga3383bade6 (webtiles) character file.

Game seed: 3914946419367730545

1154 sircluck the Grappler (level 8, 0/92 HPs)
             Began as a Troll Berserker on Jan 4, 2024.
             Was an Elder of Trog.
             Succumbed to a killer bee's poison
             ... in the Dungeon (Sprint IV: "Fedhas' Mad Dash").
             The game lasted 00:02:04 (475 turns).

sircluck the Grappler (Troll Berserker)              Turns: 475, Time: 00:02:05

Health: 0/92       AC:  4    Str: 28    XL:     8   Next: 16%
Magic:  7/7        EV: 12    Int:  3    God:    Trog [****..]
Gold:   88         SH:  0    Dex:  9    Spells: 7/7 levels left

rFire   . .          .
                       - Unarmed
rCold   . . .        (no shield)
rNeg    . . .        a - +0 animal skin
rPois   .            (helmet restricted)
rElec   .            (no cloak)
rCorr   .            (gloves unavailable)
SInv    .            (boots unavailable)
Will    .....        j - amulet of invisibility {+Inv}
Stlth   +            (no ring)
HPRegen 1.15/turn    (no ring)
MPRegen 0.10/turn

%: no teleportation
@: lethally poisoned (0 -> -1), on berserk cooldown
A: large, unfitting armour, claws 3, regeneration 1, shaggy fur 1, tough skin 1
a: Renounce Religion, Evoke Invisibility, Berserk, Trog's Hand, Brothers in Arms


You were in the Dungeon.
You worshipped Trog.
Trog was greatly pleased with you.
You visited 1 branch You collected 88 gold pieces.

Inventory:

Armour
 a - a +0 animal skin (worn)
Jewellery
 j - the amulet of invisibility (around neck) {+Inv}
   (You found it in the Dungeon)

   [amulet of nothing]

   +Inv:      It lets you turn invisible.
Scrolls
 h - a scroll of identify {unknown}
Potions
 c - a potion of heal wounds
 d - a potion of haste
 e - 2 potions of magic
 f - a potion of berserk rage
 i - a potion of enlightenment {unknown}
 k - a potion of ambrosia {unknown}
 l - 2 potions of attraction {unknown}
 m - a potion of might {unknown}


   Skills:
 + Level 9.2 Fighting
 + Level 9.1 Dodging
 + Level 10.9 Unarmed Combat


You had 7 spell levels left.
You didn't know any spells.
Your spell library was empty.

Dungeon Overview and Level Annotations

Branches:
Dungeon (1/1)

Altars:
Cheibriados
Dithmenos
Elyvilon
Gozag
Hepliaklqana
Kikubaaqudgha
Makhleb
Nemelex Xobeh
Okawaru
Qazlal
Ru
Sif Muna
Trog
Uskayaw
Vehumet
Wu Jian
Xom
Yredelemnul
Zin
The Shining One
Jiyva
Lugonu

Shops:
D =[[*


Innate Abilities, Weirdness & Mutations

You are too large for most types of armour.
You have claws for hands.
Your natural rate of healing is unusually fast.
You are covered in fur. (AC +1)
You have tough skin. (AC +1)


Message History

You feel very sick.
The killer bee attacks as it pursues you!
The killer bee completely misses you. The killer bee closely misses you.
The killer bee barely misses you.
There is a corrupted altar of Lugonu here.
You claw the killer bee!
The killer bee is almost dead.
You feel yourself speed up.
You feel sick. The killer bee stings you.
You are more poisoned.
The killer bee poisons you! The killer bee stings you.
You are more poisoned.
The killer bee poisons you! The killer bee stings you.
* * * LOW HITPOINT WARNING * * *
You are more poisoned.
The killer bee poisons you!
You miss the killer bee.
The killer bee is almost dead.
You feel very sick. The killer bee stings you!
* * * LOW HITPOINT WARNING * * *
You barely miss the killer bee.
The killer bee is almost dead.
You feel very sick.
The killer bee stings you but does no damage.
The killer bee stings you.
* * * LOW HITPOINT WARNING * * *
You mangle the killer bee!!
You kill the killer bee!
Trog accepts your kill.
* * * LOW HITPOINT WARNING * * *
You feel very sick.
* * * LOW HITPOINT WARNING * * *
You feel very sick.
* * * LOW HITPOINT WARNING * * *
You feel very sick.
There is an ancient bone altar of Kikubaaqudgha here.
* * * LOW HITPOINT WARNING * * *
You feel sick.
You die...

#################################
...#.....#†⌠._._._._.⌠.#..)...#..
...'.#.(.†.._._.@._._..'.)#...#..
...#.#...#†.._._._._...#..###'##.
#######'##.._._._._._..#..##∩∩.'.
.....'...#._._._._._.⌠.##########
....y#...###############
.♣..###### #####


There were no monsters in sight!

Vanquished Creatures
  A queen bee (D)
  A burning bush (D)
  2 wandering mushrooms (D)
  3 scorpions (D)
  2 killer bees (D)
  4 oklob saplings (D)
  2 spriggans (D)
  A river rat (D)
  A rat (D)
17 creatures vanquished.

Vanquished Creatures (collateral kills)
  2 killer bees (D)
2 creatures vanquished.

Grand Total: 19 creatures vanquished

Notes
Turn   | Place    | Note
-------+----------+-------------------------------------------
     0 | D        | sircluck the Troll Berserker began the quest for the Orb.
     0 | D        | Reached XP level 1. HP: 22/22 MP: 0/0
    11 | D        | Reached XP level 2. HP: 25/31 MP: 1/1
    26 | D        | Noticed an oklob sapling
    27 | D        | Killed an oklob sapling
    27 | D        | Reached ** piety under Trog
    28 | D        | Reached skill level 4 in Unarmed Combat
    28 | D        | Reached XP level 3. HP: 39/39 MP: 2/2
    29 | D        | Noticed a scorpion
    29 | D        | Found the amulet of invisibility {+Inv}
    32 | D        | Killed a scorpion
    33 | D        | Reached skill level 5 in Unarmed Combat
    33 | D        | Reached XP level 4. HP: 40/49 MP: 3/3
    75 | D        | Reached skill level 5 in Fighting
    75 | D        | Reached skill level 5 in Dodging
    75 | D        | Reached skill level 6 in Unarmed Combat
    87 | D        | Found an opulent altar of Gozag.
    87 | D        | Found a hazy altar of Hepliaklqana.
    87 | D        | Found a burning altar of Makhleb.
    87 | D        | Found a sparkling altar of Nemelex Xobeh.
    87 | D        | Found a snail-covered altar of Cheibriados.
    87 | D        | Found a sacrificial altar of Ru.
    87 | D        | Found a shimmering blue altar of Sif Muna.
    87 | D        | Found a shimmering altar of Xom.
    87 | D        | Found a basalt altar of Yredelemnul.
    94 | D        | Found a viscous altar of Jiyva.
    94 | D        | Found a bloodstained altar of Trog.
    94 | D        | Found an ornate altar of the Wu Jian Council.
    95 | D        | Found an iron altar of Okawaru.
    95 | D        | Found a glowing silver altar of Zin.
    95 | D        | Found a shadowy altar of Dithmenos.
    96 | D        | Found an ancient bone altar of Kikubaaqudgha.
    96 | D        | Found a hide-covered altar of Uskayaw.
    97 | D        | Found a stormy altar of Qazlal.
    97 | D        | Found a glowing golden altar of the Shining One.
    97 | D        | Found a white marble altar of Elyvilon.
    98 | D        | Found a corrupted altar of Lugonu.
    98 | D        | Found a radiant altar of Vehumet.
   103 | D        | Reached XP level 5. HP: 59/59 MP: 4/4
   114 | D        | Reached *** piety under Trog
   115 | D        | Reached skill level 7 in Unarmed Combat
   137 | D        | Reached **** piety under Trog
   138 | D        | Reached skill level 8 in Unarmed Combat
   138 | D        | Reached XP level 6. HP: 7/68 MP: 5/5
   194 | D        | Found Xabb's Armour Shop.
   194 | D        | Found Xaext's Jewellery Emporium.
   203 | D        | Noticed a burning bush
   203 | D        | Noticed a wandering mushroom
   204 | D        | Noticed a wandering mushroom
   315 | D        | Killed a wandering mushroom
   316 | D        | Reached skill level 9 in Unarmed Combat
   316 | D        | Reached XP level 7. HP: 66/79 MP: 6/6
   337 | D        | Killed a burning bush
   338 | D        | Reached skill level 10 in Unarmed Combat
   341 | D        | Found Foihi's General Store.
   341 | D        | Found Zoluit's Armour Shoppe.
   344 | D        | Identified the +9 trident "Duufutoc" {vamp, Str+3 SInv}
   385 | D        | Noticed a queen bee
   431 | D        | Killed a queen bee
   438 | D        | Reached XP level 8. HP: 66/92 MP: 7/7
   472 | D        | HP: 4/92 [poisoned by a killer bee]
   474 | D        | HP: 1/92 [poisoned by a killer bee]
   475 | D        | Succumbed to a killer bee's poison

Illustrated notes

Levels and vault maps discovered:
D:        dungeon_sprint_fedhas [sprint_temple]

Skill      XL: |  1  2  3  4  5  6  7  8 |
---------------+-------------------------+-----
Fighting       | 3 4 5 6 7 9 |  9.2
Dodging        | 3 4 5 6 7 8 9 |  9.1
Unarmed Combat | 4 5 6 8 9 10 | 10.9

Action                     |  1- 3 |  4- 6 |  7- 9 || total
---------------------------+-------+-------+-------++-------
  Melee: Unarmed           |     9 |    24 |    24 ||    57
         Punch             |       |     2 |     1 ||     3
 Invoke: Berserk           |       |     1 |     1 ||     2
         Brothers in Arms  |       |       |     1 ||     1
Ability: Evoke Invisibilit |       |     1 |       ||     1
    Use: Scroll            |       |       |     1 ||     1
         Potion            |       |       |     1 ||     1
   Stab: Sleeping          |       |     1 |       ||     1
 Armour: Animal skin       |     7 |    18 |    35 ||    60
  Dodge: Dodged            |     4 |    17 |    25 ||    46

Table legend: (Time is in decaauts)
 A = Elapsed time spent in this place.
 B = Non-inter-level travel time spent in this place.
 C = Inter-level travel time spent in this place.
 D = Time resting spent in this place.
 E = Time spent auto-exploring this place.
 F = Levels seen in this place.
 G = Mean time per level.
                   A        B        C        D        E       F      G
               +--------+--------+--------+--------+--------+-----+--------+
         Total |    477 |    477 |      0 |     89 |     79 |   1 |  477.0 |
       Dungeon |    477 |    477 |      0 |     89 |     79 |   1 |  477.0 |
               +--------+--------+--------+--------+--------+-----+--------+

Top non-repeatable levels by time:
       D: 477 daAuts
